 Dungeon Crawl Stone Soup version 0.31.0-32-g396128a36d (webtiles) character file.

Game seed: 940667954158794721

91 DemonSlayer the Magician (level 4, -1/30 HPs)
             Began as a Demonspawn Earth Elementalist on Apr 15, 2024.
             Slain by a gnoll
             ... wielding a +0 whip
              (4 damage)
             ... on level 2 of the Dungeon.
             The game lasted 00:02:55 (1814 turns).

DemonSlayer the Magician (DsEE)                     Turns: 1814, Time: 00:02:55

Health: -1/30      AC:  3    Str:  8    XL:     4   Next: 33%
Magic:  7/9        EV: 12    Int: 15    God:
Gold:   79         SH:  0    Dex: 16    Spells: 9/10 levels left

rFire   . . .        e - +0 dagger
rCold   . . .        (no shield)
rNeg    . . .        a - +0 robe
rPois   .            (no helmet)
rElec   .            (no cloak)
rCorr   .            (no gloves)
SInv    .            (no boots)
Will    .....        (no amulet)
Stlth   ++           (no ring)
HPRegen 0.25/turn    (no ring)
MPRegen 0.11/turn

%: no passive effects
@: no status effects
A: rugged brown scales 1, demonic touch 1
a: no special abilities


You were on level 2 of the Dungeon.
You visited 1 branch of the dungeon, and saw 2 of its levels.

You collected 79 gold pieces.

Inventory:

Hand Weapons
 e - a +0 dagger (weapon)
Missiles
 c - 5 curare-tipped darts
Armour
 a - a +0 robe (worn)
Scrolls
 d - 2 scrolls of teleportation {unknown}
 f - a scroll of identify {unknown}
 i - a scroll of immolation {unknown}
Potions
 b - a potion of magic
 g - 2 potions of haste {unknown}
 h - a potion of attraction {unknown}
 j - a potion of degeneration {unknown}


   Skills:
 + Level 0.2 Fighting
 + Level 1.9 Dodging
 + Level 1.9 Stealth
 + Level 0.1 Unarmed Combat
 + Level 3.5 Spellcasting
 + Level 1.0 Conjurations
 + Level 3.4 Earth Magic


You had 9 spell levels left.
You knew the following spells:

 Your Spells              Type           Power      Damage    Failure   Level
a - Sandblast             Erth           24%        2d8       4%          1

Your spell library contained the following spells:

 Spells                   Type           Power      Damage    Failure   Level
 Passwall                 Erth           12%        N/A       14%         3
 Sting                    Conj/Alch      16%        1d4       16%         1
 Stone Arrow              Conj/Erth      18%        3d8       22%         3
 Mercury Vapours          Alch/Air       4%         N/A       28%         2
 Brom's Barrelling Bould  Conj/Erth      9%         2d3       58%         4
 Petrify                  Alch/Erth      7%         N/A       67%         4
 Olgreb's Toxic Radiance  Alch           2%         N/A       88%         4


Dungeon Overview and Level Annotations

Branches:
Dungeon (2/15)

Altars:


Innate Abilities, Weirdness & Mutations

You are partially covered in rugged brown scales. (AC +1, +3% HP)
Your touch may inflict minor irresistible damage on your foes.


Message History

You kill the dart slug!
The blast of sand misses the quokka.
The quokka barely misses you.
The blast of sand hits the quokka.
The quokka is moderately wounded.
The quokka bites you but does no damage.
The quokka bites you.
The blast of sand hits the quokka!
You kill the quokka!
A gnoll comes into view. It is wielding a +0 halberd.
A gnoll is nearby!
A gnoll is nearby!
A gnoll is nearby!
A gnoll comes into view.
It is wielding a +0 whip and quivering a throwing net.
A gnoll comes into view. It is wielding a +0 whip.
Found a purple potion.
The gnoll shouts!
The gnoll shouts!
A ribbon worm comes into view.
Your movement speed is average.
Your attack delay is about 1.0.
Your damage rating with your +0 dagger is about 4 (Base 4 x 115% (Dex) x 100% (Skill)).
The blast of sand hits the gnoll!
The gnoll is almost dead.
The gnoll hits you from afar with a +0 halberd.
The blast of sand hits the gnoll.
You kill the gnoll!
The blast of sand hits the gnoll but does no damage.
The gnoll throws a throwing net.
The throwing net hits you.
You become entangled in the net!
You struggle against the net.
The gnoll hits you with a +0 whip!
You struggle against the net.
The gnoll hits you with a +0 whip.
You struggle against the net.
The gnoll hits you with a +0 whip!
* * * LOW HITPOINT WARNING * * *
The gnoll hits you with a +0 whip.
* * * LOW HITPOINT WARNING * * *
You struggle against the net.
The gnoll barely misses you. The gnoll hits you with a +0 whip.
* * * LOW HITPOINT WARNING * * *
You rip the net and break free!
The gnoll hits you but does no damage. The gnoll hits you with a +0 whip.
You die...

#############
######....^.......
...wgg.g...# ..####.###.# #.
#.# .. #)############
.#####.g..........#
........g@...#####.#######
....###.......#####.......#
#!.........................'
##.....#.#######.......#
#.....#....[.<#.#######
#....)#########.# #####
#..##.............###....
##.P..)...##########..###
#...~~♣.P..## #...##


You could see 2 gnolls.

Vanquished Creatures
  A gnoll (D:2)
  An adder (D:2)
  5 dart slugs
  2 ribbon worms (D:2)
  An orc (D:2)
  4 ball pythons
  7 bats
  3 endoplasms
  A giant cockroach (D:1)
  8 goblins
  6 hobgoblins
  3 jackals (D:2)
  2 quokkas (D:2)
  A frilled lizard (D:1)
  4 kobolds
  4 rats
53 creatures vanquished.

Notes
Turn   | Place    | Note
-------+----------+-------------------------------------------
     0 | D:1      | DemonSlayer the Demonspawn Earth Elementalist began the
                  | quest for the Orb.
     0 | D:1      | Reached XP level 1. HP: 13/13 MP: 3/3
   145 | D:1      | Gained mutation: Your touch may inflict minor irresistible
                  | damage on your foes. [demonic ancestry]
   145 | D:1      | Reached XP level 2. HP: 19/19 MP: 1/5
   811 | D:2      | Gained mutation: You are partially covered in rugged brown
                  | scales. (AC +1, +3% HP) [demonic ancestry]
   811 | D:2      | Reached XP level 3. HP: 19/24 MP: 3/6
  1514 | D:2      | Reached XP level 4. HP: 30/30 MP: 8/8
  1814 | D:2      | Slain by a gnoll

Illustrated notes

Levels and vault maps discovered:
D:1:      ncdulo_watergridlock, layout_basic
D:2:      minmay_razor_zed, layout_basic, serial_bayou_pond_a,
          minmay_misc_feat_secret_circle

Skill      XL: |  1  2  3 |
---------------+----------+-----
Earth Magic    | 3 |  3.4
Spellcasting   | 3 |  3.5
Fighting       | |  0.2
Dodging        | |  1.9
Stealth        | |  1.9
Unarmed Combat | |  0.1
Conjurations   | |  1.0

Action                     |  1- 3 |  4- 6 || total
---------------------------+-------+-------++-------
  Melee: Unarmed           |     2 |       ||     2
         Dagger            |    16 |       ||    16
         Touch             |     4 |       ||     4
   Cast: Sandblast         |    47 |    16 ||    63
   Stab: Sleeping          |     3 |       ||     3
 Armour: Robe              |    14 |    14 ||    28
  Dodge: Dodged            |    19 |     5 ||    24
